 Dungeon Crawl Stone Soup version 0.29-a0-284-gf9362112df (webtiles) character file.

Game seed: 5684999758631683227

8160 Dabor the Thaumaturge (level 11, -13/91 HPs)
             Began as a Purple Draconian Conjurer on Mar 14, 2022.
             Was a Priest of Vehumet.
             Mangled by an orc warlord
             ... wielding a +0 war axe
              (32 damage)
             ... in a bailey.
             The game lasted 00:33:36 (11598 turns).

Dabor the Thaumaturge (Purple Draconian Conjurer)  Turns: 11598, Time: 00:33:36

Health: -13/91     AC: 12    Str:  8    XL:     11   Next: 6%
Magic:  15/32      EV: 13    Int: 22    God:    Vehumet [***...]
Gold:   427        SH:  3    Dex: 10    Spells: 11/26 levels left

rFire   + . .      SeeInvis .   A - +2 falchion (flame)
rCold   . . .      Faith    .   f - +0 buckler
rNeg    . . .      Spirit   .   (body armour unavailable)
rPois   +          Reflect  .   (helmet restricted)
rElec   .          Harm     .   (no cloak)
rCorr   .          Rampage  .   (no gloves)
Will    +....                   o - +0 pair of boots
Stlth   +++.......              (no amulet)
HPRegen 0.25/turn               g - ring of magical power
MPRegen 0.23/turn               p - ring of Kost {rPois rF+ AC+4 Str-2 Stlth+}

@: studying Slings
A: breathe power, AC +7, unfitting armour, cold-blooded
a: Breathe Dispelling Energy, Renounce Religion


You were in a bailey.
You worshipped Vehumet.
Vehumet was most pleased with you.
You visited 1 branch of the dungeon, and saw 10 of its levels.
You also visited: Bailey.

You collected 440 gold pieces.
You donated 13 gold pieces to Zin.

Inventory:

Hand Weapons
 A - a +2 falchion of flaming (weapon)
Missiles
 r - a throwing net
Armour
 f - a +0 buckler (worn)
 o - a +0 pair of boots (worn)
Magical Staves
 q - a staff of cold
 y - a staff of air
Jewellery
 g - a ring of magical power (left hand)
 p - the ring of Kost (right hand) {rPois rF+ AC+4 Str-2 Stlth+}
   (You found it on level 2 of the Dungeon)

   [ring of protection]

   AC:        It affects your AC (+4).
   Str:       It affects your strength (-2).
   rF:        It protects you from fire.
   rPois:     It protects you from poison.
   Stlth:     It makes you more stealthy.
 u - the ring "Nichub" {Contam rElec Will+ Dex+3 Slay+4}
   (You took it off an orc warrior on level 8 of the Dungeon)

   [ring of slaying]

   Dex:       It affects your dexterity (+3).
   Slay:      It affects your accuracy & damage with ranged weapons and melee
   (+4).
   rElec:     It insulates you from electricity.
   Contam:    It causes magical contamination when unequipped.
   Will:      It increases your willpower.
 x - a ring of see invisible
Wands
 n - a wand of acid (14)
 v - a wand of flame (20)
Scrolls
 e - 4 scrolls of enchant armour
 h - a scroll of magic mapping
 i - 3 scrolls of immolation
 j - 2 scrolls of holy word
 k - a scroll of blinking
 t - a scroll of fear
 B - a scroll of fog
 F - a scroll of enchant weapon {unknown}
Potions
 a - a potion of magic
 b - a potion of heal wounds
 c - 3 potions of berserk rage {unknown}
 d - 3 potions of brilliance {unknown}
 l - 2 potions of attraction {unknown}
 m - 2 potions of curing {unknown}
 s - a potion of mutation {unknown}
 z - a potion of degeneration {unknown}
 C - a potion of might {unknown}
 D - a potion of haste {unknown}


   Skills:
 + Level 6.6 Fighting
 + Level 6.5 Dodging
 - Level 2.0 Stealth
 * Level 8.3 Spellcasting
 * Level 8.2 Conjurations
 - Level 6.2 Hexes
 - Level 6.2 Summonings
 + Level 0.7 Poison Magic
 - Level 5.7 Evocations


You had 11 spell levels left.
You knew the following spells:

 Your Spells              Type           Power      Damage    Failure   Level
a - Magic Dart            Conj           100%       1d8       1%          1
b - Searing Ray           Conj           90%        2d7       1%          2
c - Fulminant Prism       Conj/Hex       20%        3d13      1%          4
d - Foxfire               Conj/Fire      100%       2x1d9     1%          1
e - Frozen Ramparts       Ice            18%        1d3       8%          3
f - Olgreb's Toxic Radia  Pois           12%        N/A       19%         4

Your spell library contained the following spells:

 Spells                   Type           Power      Damage    Failure   Level
 Dazzling Flash           Conj/Hex       82%        N/A       1%          3
 Iskenderun's Mystic Bla  Conj/Tloc      27%        2d7       5%          4
 Summon Mana Viper        Hex/Summ       36%        N/A       21%         5
 Summon Ice Beast         Ice/Summ       22%        N/A       26%         4
 Gell's Gravitas          Tloc           9%         N/A       28%         3
 Lesser Beckoning         Tloc           9%         N/A       28%         3
 Ice Form                 Ice/Tmut       9%         N/A       67%         4
 Dispersal                Tloc           4%         N/A       100%        6
 Malign Gateway           Summ/Tloc      11%        N/A       100%        7
 Summon Horrible Things   Summ           18%        N/A       100%        8


Dungeon Overview and Level Annotations

Branches:
Dungeon (10/15)            Temple (0/1) D:5            Lair (0/6) D:9
    Orc (0/2) D:9          Bailey (1/1)

Altars:
Fedhas
Gozag
Nemelex Xobeh
Qazlal
Trog
Vehumet
Zin

Shops:
D:9 *[


Innate Abilities, Weirdness & Mutations

You can breathe bolts of dispelling energy.
Your rich purple scales are hard. (AC +7)
You cannot fit into any form of body armour.
You are cold-blooded and may be slowed by cold attacks.


Message History

Casting: Olgreb's Toxic Radiance (dangerous; 19% risk of failure)
Confirm with . or Enter, or press ? or * to list all spells.
You begin to radiate toxic energy.
The orc warlord looks even sicker. x2
Casting: Olgreb's Toxic Radiance (dangerous; 19% risk of failure)
Confirm with . or Enter, or press ? or * to list all spells.
Aiming: Magic Dart (safe; 1% risk of failure)
Press: ? - help, Shift-Dir - straight line, f - orc warlord
Aim: an orc warlord, wielding a +0 war axe and wearing a +0 ring mail (heavily wounded, very poisoned, 100% to hit)
The magic dart hits the orc warlord.
The orc warlord is heavily wounded.
The orc warlord looks as sick as possible!
Your toxic aura wanes.
Casting: Magic Dart (safe; 1% risk of failure)
Confirm with . or Enter, or press ? or * to list all spells.
Aiming: Searing Ray (safe; 1% risk of failure)
Press: ? - help, Shift-Dir - straight line, f/p - orc warlord
Aim: an orc warlord, wielding a +0 war axe and wearing a +0 ring mail (heavily wounded, extremely poisoned, 84% to hit)
The searing ray hits the orc warlord!
The orc warlord is severely wounded. (Press . to maintain the ray.)
The searing ray hits the orc warlord!
The orc warlord is severely wounded.
Your magical contamination has completely faded away.
The searing ray hits the orc warlord.
The orc warlord is severely wounded.
The searing ray hits the orc warlord.
The orc warlord is severely wounded.
You finish channelling your searing ray.
The orc warlord hits you with a +0 war axe!!
* * * LOW HITPOINT WARNING * * *
Casting: Searing Ray (safe; 1% risk of failure)
Confirm with . or Enter, or press ? or * to list all spells.
Aiming: Searing Ray (safe; 1% risk of failure)
Press: ? - help, Shift-Dir - straight line, f/p - orc warlord
Aim: an orc warlord, wielding a +0 war axe and wearing a +0 ring mail (severely wounded, very poisoned, 84% to hit)
The searing ray hits the orc warlord.
The orc warlord is severely wounded. (Press . to maintain the ray.)
The orc warlord hits you with a +0 war axe!!
You die...

............).........#
.......(..............#
8......#'''#....(.8...#
....####≈≈≈####.(....##
....#≈≈≈≈≈≈≈≈≈#.....##♣
....#≈.8...8.≈#.)..##.♣
##'###.......###'###..♣♣
≈≈.#≈≈.8...8.≈ #o≈≈)...♣
≈≈.#≈.........
#@≈≈≈...♣♣ ≈≈.# ...∩..
#))≈≈...∩♣ ≈≈.#
#.≈≈≈...♣♣ ≈≈.#
#.≈≈≈...♣ ##'#≈........
#'###..♣♣ ...#≈)!8..o8!
#(..##.♣ ...##≈≈#####≈
##....##♣
....####...####......##
......................#


You could see an orc warlord (very poisoned).

Vanquished Creatures
  2 two-headed ogres
  A centaur warrior (D:10)
  An orc knight (Bailey)
  Joseph (D:9)
  An unseen horror (shapeshifter) (D:9)
  A tengu conjurer (D:8)
  A troll (D:9)
  A hornet (D:9)
  A wyvern (D:9)
  A wraith (D:10)
  A yak (D:10)
  A steam dragon (D:6)
  Menkaure (D:5)
  An acid dragon (D:8)
  A water moccasin (D:8)
  7 orc warriors
  3 ice beasts
  A black bear (D:6)
  4 centaurs
  4 wolves (D:9)
  An ogre (D:5)
  A kobold brigand (D:8)
  A bullfrog (D:5)
  2 gnoll sergeants
  3 scorpions
  8 killer bees
  2 electric eels (D:9)
  5 howler monkeys
  4 jellies
  A gnoll shaman (D:6)
  6 hounds
  4 orc priests
  Terence (D:2)
  4 iguanas (D:5)
  6 orc wizards
  16 gnolls
  7 adders
  A white imp (D:6)
  2 worms
  A dart slug (D:4)
  24 orcs
  6 bats
  8 endoplasms
  3 giant cockroaches
  10 goblins
  12 hobgoblins
  7 jackals
  22 kobolds
  A quokka (D:5)
  5 ball pythons
  5 frilled lizards
  3 rats (D:2)
217 creatures vanquished.

Vanquished Creatures (others)
  248 foxfires
  3 fulminant prisms
251 creatures vanquished.

Grand Total: 468 creatures vanquished

Notes
Turn   | Place    | Note
-------+----------+-------------------------------------------
     0 | D:1      | Dabor the Draconian Conjurer began the quest for the Orb.
     0 | D:1      | Reached XP level 1. HP: 14/14 MP: 3/3
   451 | D:1      | Reached XP level 2. HP: 20/20 MP: 3/5
  1054 | D:2      | Reached XP level 3. HP: 27/27 MP: 6/6
  1057 | D:2      | Learned a level 2 spell: Searing Ray
  1480 | D:2      | Identified the +2 robe of the Fae God {rPois}
  1621 | D:2      | Identified the ring of Kost {rPois rF+ AC+4 Str-2 Stlth+}
  1723 | D:2      | Noticed Terence
  1729 | D:2      | Killed Terence
  1730 | D:2      | Reached XP level 4. HP: 34/34 MP: 8/8
  1732 | D:2      | Found a faded altar of an unknown god.
  1738 | D:2      | Prayed at the altar of an unknown god.
  1738 | D:2      | Became a worshipper of Zin the Law-Giver
  1738 | D:2      | Reached * piety under Zin
  1738 | D:2      | Reached ** piety under Zin
  2164 | D:3      | Found a sparkling altar of Nemelex Xobeh.
  2265 | D:3      | Found a bloodstained altar of Trog.
  2420 | D:3      | Reached skill level 1 in Fighting
  2729 | D:3      | Got Joack's Papyrus of the Dislocated Entourage
  2751 | D:3      | Found a blossoming altar of Fedhas.
  2884 | D:3      | Reached XP level 5. HP: 40/40 MP: 9/9
  3134 | D:4      | Found a stormy altar of Qazlal.
  3221 | D:4      | Found a radiant altar of Vehumet.
  3238 | D:4      | Fell from the grace of Zin
  3239 | D:4      | Became a worshipper of Vehumet
  3365 | D:4      | Reached skill level 5 in Conjurations
  3365 | D:4      | Reached XP level 6. HP: 48/48 MP: 8/11
  4015 | D:5      | Entered Level 5 of the Dungeon
  4031 | D:5      | Reached * piety under Vehumet
  4031 | D:5      | Offered knowledge of Freeze by Vehumet.
  4241 | D:5      | Found a staircase to the Ecumenical Temple.
  4397 | D:5      | Your scales start taking on a rich purple colour.
  4397 | D:5      | Reached skill level 5 in Spellcasting
  4397 | D:5      | Reached XP level 7. HP: 56/56 MP: 14/14
  4539 | D:5      | Noticed Menkaure
  4754 | D:5      | Killed Menkaure
  5083 | D:5      | Reached skill level 1 in Evocations
  5208 | D:6      | Learned a level 4 spell: Fulminant Prism
  5231 | D:6      | Reached skill level 1 in Hexes
  5473 | D:5      | Reached XP level 8. HP: 34/63 MP: 15/16
  5875 | D:6      | Offered knowledge of Foxfire by Vehumet.
  5880 | D:6      | Reached ** piety under Vehumet
  5886 | D:6      | Learned a level 1 spell: Foxfire
  6435 | D:6      | Found an opulent altar of Gozag.
  6554 | D:7      | Identified the ring "Nichub" {Contam rElec Will+ Dex+3
                  | Slay+4}
  6566 | D:8      | Reached skill level 5 in Dodging
  7081 | D:8      | Reached skill level 1 in Summonings
  7081 | D:8      | Reached XP level 9. HP: 58/72 MP: 17/18
  7706 | D:8      | Learned a level 3 spell: Frozen Ramparts
  7905 | D:8      | Noticed a tengu conjurer
  7905 | D:8      | Noticed a two-headed ogre
  7919 | D:8      | Killed a two-headed ogre
  7920 | D:8      | Reached skill level 5 in Fighting
  8191 | D:8      | Killed a tengu conjurer
  8565 | D:9      | Reached skill level 5 in Hexes
  8593 | D:9      | Offered knowledge of Static Discharge by Vehumet.
  8598 | D:9      | Reached XP level 10. HP: 47/81 MP: 15/21
  8623 | D:9      | Reached *** piety under Vehumet
  9170 | D:9      | Found Osyhaeng's Assorted Antiques.
  9171 | D:9      | Found Newutsase's Armour Shop.
  9243 | D:9      | Found a staircase to the Lair.
  9409 | D:9      | Reached skill level 5 in Evocations
  9486 | D:9      | Found a staircase to the Orcish Mines.
  9494 | D:9      | Noticed Joseph
  9508 | D:9      | Killed Joseph
  9509 | D:9      | Reached skill level 5 in Summonings
 10747 | D:10     | Entered Level 10 of the Dungeon
 10794 | D:10     | Noticed a two-headed ogre
 10805 | D:10     | Killed a two-headed ogre
 10811 | D:10     | Noticed a centaur warrior
 10822 | D:10     | Killed a centaur warrior
 10970 | D:10     | Found a flagged portal.
 10982 | Bailey   | Entered a bailey
 11013 | Bailey   | Offered knowledge of Olgreb's Toxic Radiance by Vehumet.
 11019 | Bailey   | Learned a level 4 spell: Olgreb's Toxic Radiance
 11149 | Bailey   | Noticed an orc warlord
 11274 | Bailey   | Found a runed translucent gate.
 11285 | Bailey   | Found a runed translucent gate.
 11287 | Bailey   | Found a runed translucent gate.
 11303 | Bailey   | Reached XP level 11. HP: 28/91 MP: 19/23
 11331 | Bailey   | Noticed an orc knight
 11346 | Bailey   | Killed an orc knight
 11598 | Bailey   | Mangled by an orc warlord

Illustrated notes

Levels and vault maps discovered:
D:1:      minmay_arrival_split_and_join, layout_rooms, hangedman_decor_riveting
D:2:      layout_loops_ring, ebering_ecumenical_altar_mist, corner_web_ring,
          uniq_terence
D:3:      layout_loops_cross, nemelex_spade_bored_becter, trog_hazing_becter,
          fedhas_altar_fruit_tree
D:4:      layout_rooms, lemuel_round_altar, grunt_qazlal_clouds,
          hangedman_decor_points, chequers_serial_rivers_micro_c,
          kennysheep_cross_room, minmay_misc_feat_more_columns,
          due_unseen_surprise
D:5:      layout_loops_ring, minmay_temple_entry_large_hall, uniq_menkaure
D:6:      layout_cave_pools, nicolae_gozag_cash_rules_everything_around_me,
          serial_column_ruins, column_ruins_corridor_straight,
          column_ruins_open_tiny, column_ruins_grid_3, column_ruins_open_medium,
          column_ruins_grid_4, item_on_display_a, uniq_eustachio
D:7:      layout_cave_pods, amcnicky_mini_pool_medium
D:8:      minmay_chambers_of_fours, layout_gridville
D:9:      layout_loops_corners, erik_lair_island, orc_0_dummy, serial_shops,
          shop, shop, uniq_joseph
D:10:     nzn_winding_woodlands_cross [nzn_winding_woodlands_5x15_longhouse,
          nzn_winding_woodlands_5x15_zeroes, nzn_winding_woodlands_5x15_cabin,
          nzn_winding_woodlands_5x15_sidewinder,
          nzn_winding_woodlands_15x15_thick_spiral], layout_loops_cross,
          lightli_bailey_entry_fortress, minmay_pinched_square, uniq_gastronok,
          uniq_sonja
Bailey:   bailey_axe_bossmonster_kennysheep, bailey

Skill      XL: |  1  2  3  4  5  6  7  8  9 10 |
---------------+-------------------------------+-----
Stealth        | 2 |  2.0
Dodging        | 2 3 4 5 6 |  6.5
Fighting       | 1 2 3 4 5 6 |  6.6
Spellcasting   | 3 5 6 7 8 |  8.3
Conjurations   | 5 6 7 8 |  8.2
Evocations     | 2 3 4 5 |  5.7
Hexes          | 1 4 5 6 |  6.2
Summonings     | 1 4 6 |  6.2
Poison Magic   | |  0.7

Action                   |  1- 3 |  4- 6 |  7- 9 | 10-12 || total
-------------------------+-------+-------+-------+-------++-------
Melee: Unarmed           |    30 |       |       |       ||    30
       Tailslap          |     3 |     1 |       |       ||     4
       Staff             |       |     3 |     1 |       ||     4
       Falchion          |       |       |       |     3 ||     3
 Cast: Magic Dart        |    66 |   107 |    18 |    13 ||   204
       Searing Ray       |     1 |    14 |    56 |    42 ||   113
       Fulminant Prism   |       |       |     2 |     1 ||     3
       Foxfire           |       |       |    64 |    87 ||   151
       Frozen Ramparts   |       |       |     1 |     1 ||     2
       Olgreb's Toxic Ra |       |       |       |     6 ||     6
Invok: Renounce Religion |       |     1 |       |       ||     1
 Abil: Breathe Dispellin |       |       |     1 |       ||     1
  Use: Scroll            |       |     6 |     4 |     6 ||    16
       Potion            |       |       |       |     4 ||     4
Armor: Skin              |     9 |     7 |    33 |    42 ||    91
Dodge: Dodged            |    20 |    10 |    78 |    67 ||   175
Block: Buckler           |     1 |     4 |    15 |    14 ||    34

Table legend: (Time is in decaauts)
 A = Elapsed time spent in this place.
 B = Non-inter-level travel time spent in this place.
 C = Inter-level travel time spent in this place.
 D = Time resting spent in this place.
 E = Time spent auto-exploring this place.
 F = Levels seen in this place.
 G = Mean time per level.
                   A        B        C        D        E       F      G
               +--------+--------+--------+--------+--------+-----+--------+
         Total |  11620 |  11165 |    455 |   2365 |   7024 |  11 | 1056.4 |
       Dungeon |  11001 |  10546 |    455 |   2079 |   6927 |  10 | 1100.1 |
        Bailey |    618 |    618 |      0 |    286 |     96 |   1 |  618.0 |
               +--------+--------+--------+--------+--------+-----+--------+

Top non-repeatable levels by time:
     D:9: 2227 daAuts
     D:8: 1971 daAuts
     D:5: 1644 daAuts
     D:1: 1044 daAuts
     D:2: 1013 daAuts
     D:3: 991 daAuts
     D:4: 966 daAuts
     D:6: 886 daAuts
  Bailey: 618 daAuts
    D:10: 238 daAuts
     D:7: 16 daAuts
